 Dungeon Crawl Stone Soup version 0.30-a0-358-g0d69a1922f (webtiles) character file.

Game seed: 17431340300661736141

0 jlumianski the Insei (level 1, 0/15 HPs)
             Began as a Demonspawn Transmuter on Nov 9, 2022.
             Slain by a ball python (2 damage)
             ... on level 2 of the Dungeon.
             The game lasted 00:00:22 (31 turns).

jlumianski the Insei (Demonspawn Transmuter)          Turns: 31, Time: 00:00:23

Health: 0/15       AC:  2    Str: 10    XL:     1   Next: 0%
Magic:  3/3        EV:  9    Int: 14    God:
Gold:   0          SH:  0    Dex: 13    Spells: 3/4 levels left

rFire   . . .      SeeInvis .      - Unarmed
rCold   . . .      Faith    .    (no shield)
rNeg    . . .      Spirit   .    a - +0 robe
rPois   .          Reflect  .    (no helmet)
rElec   .          Harm     .    (no cloak)
rCorr   .          Rampage  .    (no gloves)
Will    .....                    (no boots)
Stlth   +.........               (no amulet)
HPRegen 0.22/turn                (no ring)
MPRegen 0.08/turn                (no ring)

@: constricted
A: no striking features
a: no special abilities


You were on level 2 of the Dungeon.
You visited 1 branch of the dungeon, and saw 2 of its levels.

Inventory:

Armour
 a - a +0 robe (worn)
Potions
 b - a potion of lignification


   Skills:
 + Level 1.0 Fighting
 + Level 1.7 Dodging
 + Level 2.6 Unarmed Combat
 + Level 2.0 Spellcasting
 + Level 1.7 Transmutations


You had 3 spell levels left.
You knew the following spells:

 Your Spells              Type           Power      Damage    Failure   Level
a - Beastly Appendage     Tmut           12%        N/A       12%         1

Your spell library contained the following spells:

 Spells                   Type           Power      Damage    Failure   Level
 Wereblood                Tmut           6%         N/A       17%         2
 Spider Form              Tmut/Pois      3%         N/A       45%         3
 Ice Form                 Ice/Tmut       3%         N/A       86%         4


Dungeon Overview and Level Annotations

Branches:
Dungeon (2/15)

Altars:


Message History

The goblin closely misses you. The dart slug launches a dart at you.
The slug dart hits you. The goblin closely misses you.
The goblin closely misses you. The dart slug barely misses you.
The goblin closely misses you. The dart slug bites you. The goblin misses you.
The dart slug closely misses you. The goblin hits you with a +0 club.
The goblin hits you with a +0 club. The dart slug closely misses you.
The goblin hits you but does no damage.
The dart slug bites you but does no damage.
The goblin barely misses you.
A ball python comes into view.
The goblin hits you but does no damage. The dart slug launches a dart at you.
The slug dart hits you. The goblin barely misses you.
The dart slug launches a dart at you. The slug dart misses you.
The slug dart hits the goblin.
The goblin closely misses you.
The ball python hisses angrily.
The goblin misses you.
The dart slug bites you but does no damage.
The goblin hits you with a +0 club. The dart slug launches a dart at you.
The slug dart misses you.
The slug dart hits the goblin.
The goblin dies!
The ball python bites you but does no damage.
The ball python grabs you. The ball python constricts you.
The ball python barely misses you. The ball python constricts you.
The dart slug bites you but does no damage.
The ball python bites you.
* * * LOW HITPOINT WARNING * * *
The ball python constricts you. The ball python barely misses you.
The ball python constricts you.
* * * LOW HITPOINT WARNING * * *
The dart slug bites you.
* * * LOW HITPOINT WARNING * * *
The ball python barely misses you. The ball python constricts you.
The dart slug bites you but does no damage.
The ball python bites you.
You die...

..#.. ..#...
#.#.# ..#...
#.#.##.....
#.#.#.....
#<#.#.#.#
...###......#
.............#
..........)).#
+######..S@..#
.......w..#
...##......#
.. #......# .
###.##.# #.#
.# ... .. ..
.#.


You could see a dart slug and a ball python.

Vanquished Creatures (others)
  A goblin (D:2)
1 creature vanquished.

Notes
Turn   | Place    | Note
-------+----------+-------------------------------------------
     0 | D:1      | jlumianski the Demonspawn Transmuter began the quest for
                  | the Orb.
     0 | D:1      | Reached XP level 1. HP: 15/15 MP: 3/3
    31 | D:2      | Slain by a ball python

Illustrated notes

Levels and vault maps discovered:
D:1:      ncdulo_watergridlock, layout_basic, serial_shops, nicolae_shop_crystal
D:2:      minmay_general_purpose_star, layout_basic,
          ebering_ecumenical_altar_ruins

Action                   || total
-------------------------++-------
Armor: Robe              ||     7
Dodge: Dodged            ||    19

Table legend: (Time is in decaauts)
 A = Elapsed time spent in this place.
 B = Non-inter-level travel time spent in this place.
 C = Inter-level travel time spent in this place.
 D = Time resting spent in this place.
 E = Time spent auto-exploring this place.
 F = Levels seen in this place.
 G = Mean time per level.
                   A        B        C        D        E       F      G
               +--------+--------+--------+--------+--------+-----+--------+
         Total |     31 |     31 |      0 |      0 |      0 |   2 |   15.5 |
       Dungeon |     31 |     31 |      0 |      0 |      0 |   2 |   15.5 |
               +--------+--------+--------+--------+--------+-----+--------+

Top non-repeatable levels by time:
     D:2: 23 daAuts
     D:1: 7 daAuts
